 Dungeon Crawl Stone Soup version 0.29-a0-284-gf9362112df (webtiles) character file.

Game seed: 2051045227486320593

371 Dabor the Digger (level 6, -8/72 HPs)
             Began as a Demigod Earth Elementalist on Mar 15, 2022.
             Mangled by a gnoll shaman
             ... wielding a +0 club
              (13 damage)
             ... on level 4 of the Dungeon.
             The game lasted 00:09:10 (5174 turns).

Dabor the Digger (Demigod Earth Elementalist)       Turns: 5174, Time: 00:09:10

Health: -8/72      AC: -1    Str:  9    XL:     6   Next: 18%
Magic:  0/13       EV: 12    Int: 31    God:
Gold:   168        SH:  0    Dex: 10    Spells: 6/10 levels left

rFire   . . .      SeeInvis .   v - +7 hand axe of Governance {spect, rElec rC+ rN+ Dex-4}
rCold   + . .      Faith    .   (no shield)
rNeg    + . .      Spirit   +   b - +0 robe
rPois   .          Reflect  .   j - +1 hat
rElec   +          Harm     .   (no cloak)
rCorr   .          Rampage  .   (no gloves)
Will    .....                   (no boots)
Stlth   ..........              k - amulet of guardian spirit
HPRegen 0.22/turn               e - +6 ring of intelligence
MPRegen 0.13/turn               (no ring)

@: mighty, berserking, silenced, corroded, very quick
A: high MP 1, forlorn, divine attributes
a: no special abilities


You were on level 4 of the Dungeon.
You visited 1 branch of the dungeon, and saw 4 of its levels.

You collected 168 gold pieces.

Inventory:

Hand Weapons
 g - a +0 whip
 i - a +3 hand axe
 v - the +7 hand axe of Governance (weapon) {spect, rElec rC+ rN+ Dex-4}
   (You found it on level 4 of the Dungeon)

   When its wielder attacks, the weapon's spirit leaps out and strikes again.
   The spirit shares a part of any damage it takes with its wielder.
   Dex:       It affects your dexterity (-4).
   rC:        It protects you from cold.
   rElec:     It insulates you from electricity.
   rN:        It protects you from negative energy.
Missiles
 a - 47 stones
Armour
 b - a +0 robe (worn)
 j - a +1 hat (worn)
 s - the +1 chain mail "Wanirigi" {*Slow rElec rF+}
   (You found it on level 4 of the Dungeon)

   rF:        It protects you from fire.
   rElec:     It insulates you from electricity.
   *Slow:     It may slow you when you take damage.
Magical Staves
 r - a staff of earth
Jewellery
 e - a +6 ring of intelligence (left hand)
 k - an amulet of guardian spirit (around neck)
 m - a ring of poison resistance
Scrolls
 h - a scroll of silence
 l - a scroll of identify {unknown}
 n - 2 scrolls of enchant weapon {unknown}
 o - a scroll of noise {unknown}
 p - a scroll of holy word {unknown}
 t - a scroll of vulnerability {unknown}
 w - a scroll of blinking {unknown}
 x - a scroll of fear {unknown}
Potions
 c - a potion of magic
 d - a potion of curing
 f - a potion of might
 u - a potion of brilliance {unknown}


   Skills:
 + Level 2.0 Fighting
 + Level 3.0 Dodging
 - Level 2.7 Stealth
 + Level 2.8 Spellcasting
 * Level 2.1 Conjurations
 - Level 1.7 Transmutations
 + Level 3.6 Earth Magic


You had 6 spell levels left.
You knew the following spells:

 Your Spells              Type           Power      Damage    Failure   Level
a - Sandblast             Erth           52%        2d12      1%          1
b - Stone Arrow           Conj/Erth      44%        3d9       6%          3

Your spell library contained the following spells:

 Spells                   Type           Power      Damage    Failure   Level
 Passwall                 Tmut/Erth      17%        N/A       3%          2
 Apportation              Tloc           8%         N/A       7%          1
 Corpse Rot               Necr/Air       8%         N/A       11%         2
 Poisonous Vapours        Pois/Air       8%         N/A       11%         2
 Petrify                  Tmut/Erth      21%        N/A       22%         4
 Alistair's Intoxication  Tmut/Pois      6%         N/A       78%         5


Dungeon Overview and Level Annotations

Branches:
Dungeon (4/15)
 Temple: D:4-7

Annotations:
D:4 1 transporter, Dabor's ghost, amateur GrGl


Innate Abilities, Weirdness & Mutations

You have an increased reservoir of magic. (+10% MP)
You shall have no god before yourself.
Your divine heritage dramatically boosts your attributes as you level up.


Message History

Press: ? - help, Q - select action, (/) - cycle Shift-Dir - straight line, f/p - gnoll
Aim: a gnoll, wielding a +0 halberd and carrying a wand of acid (14) (heavily wounded, 83% to hit)
The blast of sand hits the gnoll!
You kill the gnoll!
The gnoll zaps a wand.
The bolt of acid hits you! The acid corrodes you!
Your Dodging skill increases to level 3!
The gnoll shaman calls down the wrath of its god upon you.
You resist with some effort.
There is an open translucent door here.
Things that are here:
a +0 halberd; a wand of acid (14); a gnoll corpse Dabor's ghost (amateur Gargoyle Gladiator) comes into view.
Found a manual of Crossbows.
Aiming: Sandblast (safe; 1% risk of failure)
Press: ? - help, Q - select action, (/) - cycle Shift-Dir - straight line, f - gnoll shaman
Aim: a gnoll shaman, wielding a +0 club and wearing a +0 robe (83% to hit)
The blast of sand hits the gnoll shaman.
The gnoll shaman is lightly wounded.
You aren't carrying any items that you can evoke.
Press: ? - help, v - describe, . - travel The floor.
Okay, then.
Okay, then.
As you read the scroll labelled FIOMOU NEARRU, it crumbles to dust.
A profound silence engulfs you.
It was a scroll of silence.
Magic scrolls do not work when you're silenced!
It was a potion of curing.
You feel better.
The gnoll shaman hits you with a +0 club!
It was a potion of might.
You feel very mighty all of a sudden.
The gnoll shaman hits you with a +0 club!
* * * LOW HITPOINT WARNING * * *
The gnoll hits you from afar with a +0 spear!
* * * LOW HITPOINT WARNING * * *
Magic scrolls do not work when you're silenced!
It was a potion of berserk rage.
A red film seems to cover your vision as you go berserk!
You feel yourself moving faster!
You feel mighty!
The gnoll shaman hits you with a +0 club!
You die...

###### #########
.....#################.......#
.............................#
#.≈≈≈≈≈≈≈≈≈≈≈...≈≈≈≈≈≈≈≈≈≈≈..#
..≈≈≈≈≈≈≈≈≈≈≈...≈≈≈≈≈≈≈≈≈≈≈..####
..≈≈#####...........#####≈≈......
..≈≈#...#.###.©.###.#...#≈≈..####
..≈≈#...###.#####©###...#≈≈.###..
..≈≈###.......gg@.W...###≈≈......
..≈≈.8#.######g######.#8.≈≈.###..
..≈≈.##.#.⌠.#..8#..$# ##.≈≈.# ###
#.≈≈.#..'.....g⌠#:.$'..#.≈≈.#
#.≈≈.##.#.⌠.#.)8#...#.##.≈≈.#
#.≈≈.8#g######'######.#8.≈≈.#####
..≈≈###...[..g........###≈≈.##...
..≈≈#...###g#####.###...#≈≈.##...
..≈≈#g..#.###.©.###.#...#≈≈.##...


You could see a gnoll shaman, Dabor's ghost and 2 gnolls.

Vanquished Creatures
  A kobold brigand (D:4)
  A scorpion (D:4)
  An iguana (D:3)
  6 gnolls (D:4)
  9 adders
  3 worms
  A dart slug (D:2)
  4 orcs
  4 ball pythons
  3 endoplasms
  3 giant cockroaches
  3 goblins
  3 hobgoblins
  3 jackals (D:3)
  11 kobolds
  3 quokkas
  7 bats
  2 frilled lizards (D:2)
  3 rats
71 creatures vanquished.

Vanquished Creatures (others)
  6 plants (D:4)
6 creatures vanquished.

Grand Total: 77 creatures vanquished

Notes
Turn   | Place    | Note
-------+----------+-------------------------------------------
     0 | D:1      | Dabor the Demigod Earth Elementalist began the quest for
                  | the Orb.
     0 | D:1      | Reached XP level 1. HP: 14/14 MP: 5/5
   354 | D:1      | Reached skill level 1 in Transmutations
   526 | D:1      | Noticed a tormentor
   759 | D:1      | Reached XP level 2. HP: 22/22 MP: 1/7
  1574 | D:2      | Reached XP level 3. HP: 27/27 MP: 6/8
  2373 | D:3      | Reached skill level 1 in Fighting
  2974 | D:3      | Reached XP level 4. HP: 11/35 MP: 0/10
  3392 | D:3      | Learned a level 3 spell: Stone Arrow
  3824 | D:4      | Noticed a kobold brigand
  3927 | D:4      | Found a transporter.
  3933 | D:4      | Found a transporter.
  3940 | D:4      | Identified the +1 chain mail "Wanirigi" {*Slow rElec rF+}
  3978 | D:4      | Reached skill level 1 in Conjurations
  3978 | D:4      | Reached XP level 5. HP: 31/40 MP: 4/11
  4313 | D:4      | Reached XP level 6. HP: 19/48 MP: 2/13
  4546 | D:4      | Identified the +7 hand axe of Governance {spect, rElec rC+
                  | rN+ Dex-4}
  5168 | D:4      | Noticed Dabor's ghost (amateur GrGl)
  5174 | D:4      | Mangled by a gnoll shaman

Illustrated notes

Levels and vault maps discovered:
D:1:      minmay_arrival_four_circles, layout_basic,
          dreamdust_ecumenical_altar_sealed_demon, nrook_campfire,
          grunt_decor_resistance
D:2:      layout_loops_corners
D:3:      kennysheep_big_flooded_room, layout_rooms, serial_co_window_serial,
          co_window_cross_1, co_window_corner_a, co_window_paths_a,
          co_window_paths_a, co_window_corner_a, co_window_broadway_b,
          co_window_paths_c, co_window_corner_b, co_window_unsneaky_path_e,
          co_window_cross_3
D:4:      layout_basic, okawaru_ov_weapons_minmay, gammafunk_ghost_gnarly_gnolls

Skill      XL: |  1  2  3  4  5  6 |
---------------+-------------------+-----
Transmutations | 1 |  1.7
Dodging        | 2 3 |  3.0
Spellcasting   | 2 |  2.8
Stealth        | 2 |  2.7
Earth Magic    | 3 |  3.6
Fighting       | 1 2 |  2.0
Conjurations   | 1 2 |  2.1

Action                   |  1- 3 |  4- 6 || total
-------------------------+-------+-------++-------
Melee: Hand axe          |    24 |    16 ||    40
       Whip              |     8 |       ||     8
       Staff             |       |    19 ||    19
 Cast: Sandblast         |    58 |    54 ||   112
  Use: Potion            |       |     3 ||     3
       Scroll            |       |     1 ||     1
Armor: Robe              |     8 |    14 ||    22
Dodge: Dodged            |    47 |    31 ||    78

Table legend: (Time is in decaauts)
 A = Elapsed time spent in this place.
 B = Non-inter-level travel time spent in this place.
 C = Inter-level travel time spent in this place.
 D = Time resting spent in this place.
 E = Time spent auto-exploring this place.
 F = Levels seen in this place.
 G = Mean time per level.
                   A        B        C        D        E       F      G
               +--------+--------+--------+--------+--------+-----+--------+
         Total |   5190 |   5069 |    121 |    364 |   4038 |   4 | 1297.5 |
       Dungeon |   5190 |   5069 |    121 |    364 |   4038 |   4 | 1297.5 |
               +--------+--------+--------+--------+--------+-----+--------+

Top non-repeatable levels by time:
     D:3: 1498 daAuts
     D:4: 1414 daAuts
     D:2: 1322 daAuts
     D:1: 954 daAuts
